 Dungeon Crawl Stone Soup version 0.21-a0-273-g0785366 (webtiles) character file.

2174 vishdafish the Cudgeler (level 9, -6/93 HPs)
             Began as a Troll Fighter on Sept 17, 2017.
             Mangled by a two-headed ogre
             ... wielding a +0 giant club
              (23 damage)
             ... on level 8 of the Dungeon.
             The game lasted 00:14:14 (5016 turns).

vishdafish the Cudgeler (Troll Fighter)             Turns: 5016, Time: 00:14:15

Health: -6/93      AC:  5    Str: 26    XL:     9   Next: 11%
Magic:  0/8        EV: 11    Int:  4    God:
Gold:   204        SH: 10    Dex: 14    Spells: 8/8 levels left

rFire    . . .     SeeInvis .   a - +0 flail
rCold    . . .     Gourm    +   c - +0 shield
rNeg     . . .     Faith    .   b - +0 robe
rPois    .         Spirit   +   (helmet restricted)
rElec    .         Reflect  .   (no cloak)
rCorr    .         Harm     .   (gloves unavailable)
MR       .....     Clarity  +   (boots unavailable)
Stlth    ++........             p - amulet of guardian spirit
HPRegen  0.65/turn              l - ring of flight
MPRegen  0.11/turn              (no ring)

@: lethally poisoned (-6 -> -6)
A: unfitting armour, claws 3, horns 1, thin skeletal structure 1, clarity, fast
metabolism 3, gourmand, regeneration 1, robust 1, shaggy fur 1, tough skin 2
a: Evoke Flight


You were on level 8 of the Dungeon.
You were very full.

You visited 1 branch of the dungeon, and saw 7 of its levels.

You collected 204 gold pieces.

Inventory:

Hand Weapons
 a - a +0 flail (weapon)
Missiles
 i - 6 curare-tipped needles
 m - 6 javelins (quivered)
Armour
 b - a +0 robe (worn)
 c - a +0 shield (worn)
Jewellery
 l - a ring of flight (left claw)
 p - an amulet of guardian spirit (around neck)
 x - an uncursed amulet of faith
Wands
 u - a wand of lightning (12/15)
Scrolls
 e - a scroll of fog {unknown}
 k - a scroll of fear {unknown}
 o - 4 scrolls of identify
 q - 2 scrolls of noise {unknown}
 r - 6 scrolls of remove curse
 s - a scroll of amnesia
 t - a scroll of blinking {unknown}
 v - a scroll of teleportation {unknown}
 w - a scroll of magic mapping
 y - a scroll of enchant weapon {unknown}
Potions
 d - a potion of agility {unknown}
 h - 2 potions of curing
 z - a potion of heal wounds {unknown}
 A - 2 potions of flight {unknown}
Comestibles
 f - 3 bread rations
 g - 5 royal jellies
 j - 5 meat rations
 B - 24 fruits


   Skills:
 + Level 4.6 Fighting
 * Level 5.9 Maces & Flails
 * Level 5.4 Throwing
 + Level 4.6 Dodging
 + Level 4.7 Shields


You had 8 spell levels left.
You didn't know any spells.

Dungeon Overview and Level Annotations

Branches:
Dungeon (6/15)               Lair (0/6) D:8
 Temple: D:4-7

Altars:
Elyvilon
Makhleb
Okawaru
The Shining One

Shops:
D:4 :

Annotations:
D:6 2 transporters


Innate Abilities, Weirdness & Mutations

You are too large for most types of armour.
You have claws for hands.
Your metabolism is lightning-fast.
You like to eat raw meat.
Your natural rate of healing is unusually fast.
You are covered in fur. (AC +1)
You have very tough skin. (AC +2)
You have a pair of small horns on your head.
You have a somewhat thin skeletal structure. (Dex +2, Stealth)
You possess an exceptional clarity of mind.
You are robust. (+10% HP)


Message History

The two-headed ogre hits you but does no damage.
The two-headed ogre hits you with a giant spiked club.
The big kobold barely misses you.
Unknown command.
As you read the scroll labeled LEETZUHUME, it crumbles to dust.
It is a scroll of identify.
s - a scroll of amnesia You block the jackal's attack.
The adder barely misses you. The kobold hits you but does no damage.
The big kobold hits you with a short sword.
The two-headed ogre hits you with a giant club!!
* * * LOW HITPOINT WARNING * * *
You block the two-headed ogre's attack. You block the jackal's attack.
The adder barely misses you.
As you read the scroll labeled XUVUFA MYLIB, it crumbles to dust.
You feel aware of your surroundings.
It was a scroll of magic mapping.
You feel sick. You block the kobold's attack. You block the jackal's attack.
The adder barely misses you. You block the big kobold's attack.
The two-headed ogre hits you with a giant club!!
You die...

,,,,,,,***,* *,#≈...>P,,≈#....(
**,,,,,,**,* #.#.......,.######
**,,,,,,',,*####.#.##P.P##.#
,,,,,,,,*,,,.....#..#...#..##
,,,,,,,,*,,,,.....#...≈...#.#
,,,,,,,,,,,,,,.......###....#
,,,,,,,,,,,*****#....?......#####
,,,,,,,>,,,######.(...##.........
********,,,#...O@K....###'##.....
,,,* *,,,#...KhS#######'##.....
,,,* ***,,,#....KK..,,,#....)....
,,,* *,,,......>...<..,#=........
,,,* *,,,...(.##.......#.....####
,,,* *,,,.....*#.......##+####
**** *,,,....,*#........,,*******
*,,,....,*#........,,,,,,,,,
****,,,,,,,,,,,,,,,*,,,,,,,,,,,


You could see a two-headed ogre, a big kobold, an adder, a jackal and 3 kobolds.

Vanquished Creatures
  A water moccasin (D:6)
  3 sky beasts
  2 ogres
  4 centaurs
  The ghost of Velros the Changer, an amateur MfTm of Cheibriados (D:3)
  2 bullfrogs (D:6)
  A gnoll sergeant (D:6)
  A scorpion (D:8)
  2 howler monkeys
  4 crimson imps
  4 orc priests
  A jelly (D:5)
  2 hounds (D:5)
  Ijyb (D:4)
  2 orc wizards
  5 worker ants
  A hound zombie (D:6)
  A hound skeleton (D:8)
  13 gnolls
  5 adders
  A shadow imp (D:5)
  4 oozes
  5 worms
  3 dart slugs
  3 leopard geckos
  22 orcs
  7 bats
  7 giant cockroaches
  9 goblins
  10 hobgoblins
  10 jackals
  8 kobolds
  2 quokkas
  A ball python (D:4)
  3 frilled lizards
  A jackal skeleton (D:4)
  A leopard gecko skeleton (D:5)
  8 rats
161 creatures vanquished.

Notes
Turn   | Place    | Note
-------+----------+-------------------------------------------
     0 | D:1      | vishdafish the Troll Fighter began the quest for the Orb.
     0 | D:1      | Reached XP level 1. HP: 22/22 MP: 0/0
   110 | D:1      | Reached XP level 2. HP: 29/29 MP: 1/1
   703 | D:2      | Reached XP level 3. HP: 36/36 MP: 2/2
  1051 | D:2      | Found an iron altar of Okawaru.
  1192 | D:2      | Reached XP level 4. HP: 44/44 MP: 3/3
  1386 | D:3      | Noticed Velros's ghost (amateur MfTm)
  1410 | D:3      | Killed Velros's ghost
  1410 | D:3      | Reached skill level 1 in Throwing
  1410 | D:3      | Reached XP level 5. HP: 17/53 MP: 4/4
  1912 | D:3      | Reached XP level 6. HP: 56/61 MP: 5/5
  2228 | D:4      | Found a burning altar of Makhleb.
  2324 | D:4      | Noticed Ijyb
  2363 | D:4      | Killed Ijyb
  2438 | D:4      | Found Suript's Book Shop.
  2518 | D:4      | Found a white marble altar of Elyvilon.
  2781 | D:4      | Reached XP level 7. HP: 50/67 MP: 4/6
  3508 | D:5      | Entered Level 5 of the Dungeon
  3581 | D:5      | Found a glowing golden altar of the Shining One.
  3783 | D:6      | Found a transporter.
  3797 | D:6      | Noticed a kobold demonologist
  3806 | D:6      | Noticed a kobold demonologist
  3812 | D:6      | Found a transporter.
  3906 | D:6      | Reached XP level 8. HP: 25/78 MP: 4/7
  4272 | D:5      | Reached skill level 5 in Maces & Flails
  4281 | D:5      | Gained mutation: You are robust. (+10% HP) [mutagenic meat]
  4282 | D:5      | Gained mutation: You tend to lose your temper in combat. [mutagenic meat]
  4283 | D:5      | Lost mutation: You tend to lose your temper in combat. [mutagenic meat]
  4284 | D:5      | Gained mutation: You have a pair of small horns on your head. [mutagenic meat]
  4285 | D:5      | Gained mutation: You have a somewhat thin skeletal structure. (Dex +2, Stealth) [mutagenic meat]
  4286 | D:5      | Gained mutation: You possess an exceptional clarity of mind. [mutagenic meat]
  4819 | D:6      | Reached skill level 5 in Throwing
  4873 | D:6      | You fall through a shaft for 2 floors!
  4884 | D:8      | Reached XP level 9. HP: 93/93 MP: 8/8
  4997 | D:8      | Found a staircase to the Lair.
  5009 | D:8      | Noticed a two-headed ogre
  5016 | D:8      | Mangled by a two-headed ogre

Vault maps used:
D:1:      nzn_arrival_depleted_hourglass
D:2:      okawaru_gym_becter
D:3:      first_bread, lemuel_statue_altar
D:4:      lemuel_crystal_altar, serial_shops, shop, bloody_makhleb, uniq_ijyb
D:5:      tso_metal_star
D:6:      gammafunk_wand_slinger, dk_vineyard_1
D:8:      dpeg_oklobed_lair, uniq_psyche

Skill      XL: |  1  2  3  4  5  6  7  8 |
---------------+-------------------------+-----
Maces & Flails | 2 3 4 5 |  5.9
Shields        | 3 4 |  4.7
Fighting       | 3 4 |  4.6
Throwing       | 1 2 3 4 5 |  5.4
Dodging        | 3 4 |  4.6

Action                   |  1- 3 |  4- 6 |  7- 9 || total
-------------------------+-------+-------+-------++-------
Melee: Flail             |   132 |   250 |   248 ||   630
       Headbutt          |       |       |    30 ||    30
Throw: Javelin           |       |     3 |     5 ||     8
  Use: Scroll            |       |     2 |     2 ||     4
       Potion            |       |       |     3 ||     3
 Stab: Sleeping          |     1 |     1 |     2 ||     4
  Eat: Chunk             |    14 |    14 |    27 ||    55
       Bread ration      |       |       |     1 ||     1
Armor: Robe              |    59 |    85 |    52 ||   196
Dodge: Dodged            |    47 |   103 |    80 ||   230
Block: Shield            |    54 |   129 |   121 ||   304

Table legend:
 A = Spawn XP
 B = Non-spawn XP
 C = Spawn XP percentage of total XP
 D = Spawn monster count
 E = Non-spawn monster count
 F = Spawn count percentage of total count
 G = Total turns spent on level
                    A         B        C        D         E        F      G
               +---------+---------+-------+---------+---------+-------+---------
         Total |       0 |    3107 |   0.0 |       0 |     161 |   0.0 |  5016
               +---------+---------+-------+---------+---------+-------+---------
           D:1 |       0 |      40 |   0.0 |       0 |      18 |   0.0 |   702
           D:2 |       0 |      78 |   0.0 |       0 |      29 |   0.0 |   651
           D:3 |       0 |     286 |   0.0 |       0 |      33 |   0.0 |   786
           D:4 |       0 |     435 |   0.0 |       0 |      28 |   0.0 |  1369
           D:5 |       0 |     783 |   0.0 |       0 |      22 |   0.0 |   863
           D:6 |       0 |    1051 |   0.0 |       0 |      19 |   0.0 |   502
           D:8 |       0 |     434 |   0.0 |       0 |      12 |   0.0 |   143
               +---------+---------+-------+---------+---------+-------+---------
